 Dungeon Crawl Stone Soup version 0.30-a0-585-g93115170b9 (webtiles) character file.

Game seed: 15473014057898574619

8 drugrobin the Sneak (level 1, -4/18 HPs)
             Began as a Demigod Delver on Jan 1, 2023.
             Killed from afar by an orc wizard (8 damage)
             ... with a puff of flame
             ... on level 5 of the Dungeon.
             The game lasted 00:03:15 (313 turns).

drugrobin the Sneak (Demigod Delver)                 Turns: 313, Time: 00:03:15

Health: -4/18      AC:  3    Str: 13    XL:     1   Next: 80%
Magic:  3/3        EV: 11    Int: 12    God:
Gold:   0          SH:  0    Dex: 15    Spells: 0/0 levels left

rFire   . . .      SeeInvis .    a - +0 spear
rCold   . . .      Faith    .    (no shield)
rNeg    . . .      Spirit   .    b - +0 leather armour
rPois   .          Reflect  .    (no helmet)
rElec   .          Harm     .    (no cloak)
rCorr   .          Rampage  .    (no gloves)
Will    .....                    (no boots)
Stlth   +++                      (no amulet)
HPRegen 0.23/turn                (no ring)
MPRegen 0.08/turn                (no ring)

@: hasted, very quick
A: high MP 1, forlorn, divine attributes
a: no special abilities


You were on level 5 of the Dungeon.
You visited 1 branch of the dungeon, and saw 2 of its levels.

Inventory:

Hand Weapons
 a - a +0 spear (weapon)
Armour
 b - a +0 leather armour (worn)
 i - a +0 chain mail
Magical Staves
 h - a staff of fire
Wands
 g - a wand of digging (3)
Scrolls
 c - a scroll of fog
 d - a scroll of magic mapping


   Skills:
 - Level 2.6 Fighting
 + Level 2.5 Polearms
 - Level 1.7 Dodging
 - Level 4.5 Stealth


You couldn't memorise any spells.
You didn't know any spells.
Your spell library was empty.

Dungeon Overview and Level Annotations

Branches:
Dungeon (6/15)             Temple (0/1) D:6

Annotations:
D:6 exclusion: iguana


Innate Abilities, Weirdness & Mutations

You have an increased reservoir of magic. (+10% MP)
You shall have no god before yourself.
Your divine heritage dramatically boosts your attributes as you level up.


Message History

The iguana hisses menacingly.
The iguana bites you.
You climb upwards.
The orc shouts!
An orc wizard comes into view. It is wielding a +0 dagger.
The orc wizard moves out of view.
There is a stone staircase leading down here.
Unknown command.
Unknown command.
Unknown command.
Found an ornate altar of the Wu Jian Council.
The iguana misses you.
Unknown command.
Unknown command.
Unknown command.
Unknown command.
Unknown command.
Unknown command.
The orc attacks as you move away! The orc hits you with a +0 mace.
The iguana attacks as you move away! The iguana bites you!
Ouch! That really hurt!
* * * LOW HITPOINT WARNING * * *
You see here 4 gold pieces.
Unknown command.
Unknown command.
Unknown command.
Unknown command.
As you read the scroll of fear, it crumbles to dust.
You assume a fearsome visage.
The orc wizard looks frightened!
The orc wizard shouts!
The orc wizard resists with some effort.
The orc looks frightened!
The iguana looks frightened!
The orc wizard gestures wildly while chanting.
The orc wizard flickers and vanishes!
Deactivating autopickup; reactivate with Ctrl-A.
Unknown command.
You feel yourself speed up. The orc wizard casts a spell at you.
The puff of flame hits you!
You die...

###### #>l..###
###.##...#
###..o..##..#
#..@.o.......
#....≈≈.....#
#..?.≈≈.....#
#.........##..#
#..≈≈.....# ..#
....≈≈.._...{
.#
..#............
..#........♣♣..


You could see an iguana (fleeing), an orc wizard and an orc (fleeing).

Vanquished Creatures
  A dart slug (D:6)
  2 orcs (D:6)
  A quokka (D:6)
4 creatures vanquished.

Vanquished Creatures (others)
  14 fungi (D:6)
14 creatures vanquished.

Grand Total: 18 creatures vanquished

Notes
Turn   | Place    | Note
-------+----------+-------------------------------------------
     0 | D:5      | drugrobin the Demigod Delver began the quest for the Orb.
     0 | D:5      | Reached XP level 1. HP: 18/18 MP: 3/3
    59 | D:6      | Found a staircase to the Ecumenical Temple.
    76 | D:6      | Noticed an iguana
   116 | D:6      | Noticed an iguana
   138 | D:5      | Noticed an orc wizard
   286 | D:6      | Noticed a sky beast
   308 | D:5      | Noticed an orc wizard
   313 | D:5      | Killed from afar by an orc wizard

Illustrated notes

Levels and vault maps discovered:
D:5:      layout_basic, grunt_temple_overflow_opulence,
          lemuel_coloured_pillars_altar, nicolae_wu_jian_wuxing_cycle,
          fedhas_bush_and_centaur_altar
D:6:      layout_loops_corners, minmay_temple_entry_sparse_star,
          serial_aquarium, aquarium_bridge_square [aquarium_subvault_bridge,
          aquarium_subvault_wall, aquarium_subvault_wall,
          aquarium_subvault_wall], aquarium_window_fake, aquarium_window_3,
          aquarium_window_1, aquarium_window_fake, aquarium_view_2e,
          aquarium_pool_2

Skill      XL: |  1 |
---------------+----+-----
Polearms       | 2 |  2.5
Fighting       | |  2.6
Dodging        | |  1.7
Stealth        | |  4.5

Action                   || total
-------------------------++-------
Melee: Spear             ||    34
  Use: Scroll            ||     1
       Potion            ||     1
Armor: Leather armour    ||     5
Dodge: Dodged            ||    17

Table legend: (Time is in decaauts)
 A = Elapsed time spent in this place.
 B = Non-inter-level travel time spent in this place.
 C = Inter-level travel time spent in this place.
 D = Time resting spent in this place.
 E = Time spent auto-exploring this place.
 F = Levels seen in this place.
 G = Mean time per level.
                   A        B        C        D        E       F      G
               +--------+--------+--------+--------+--------+-----+--------+
         Total |    315 |    315 |      0 |     80 |      6 |   2 |  157.5 |
       Dungeon |    315 |    315 |      0 |     80 |      6 |   2 |  157.5 |
               +--------+--------+--------+--------+--------+-----+--------+

Top non-repeatable levels by time:
     D:6: 277 daAuts
     D:5: 38 daAuts
